 Dungeon Crawl Stone Soup version 0.21-a0-153-g78480df (webtiles) character file.

44 Moloch the Firebug (level 3, 0/24 HPs)
             Began as a Demonspawn Fire Elementalist on July 31, 2017.
             Slain by a leopard gecko (2 damage)
             ... on level 2 of the Dungeon.
             The game lasted 00:03:53 (1794 turns).

Moloch the Firebug (Demonspawn Fire Elementalist)   Turns: 1794, Time: 00:03:53

Health: 0/24       AC:  2    Str:  8    XL:     3   Next: 39%
Magic:  1/6        EV: 12    Int: 17    God:
Gold:   63         SH:  5    Dex: 13    Spells: 5/6 levels left

rFire    + . .     SeeInvis .   o - +0 spear
rCold    . . .     Gourm    .   (no shield)
rNeg     . . .     Faith    .   a - +0 robe
rPois    .         Spirit   .   (no helmet)
rElec    .         Reflect  +   (no cloak)
rCorr    .         Harm     .   (no gloves)
MR       .....                  (no boots)
Stlth    ++........             d - +5 amulet of reflection
HPRegen  0.08/turn              (no ring)
MPRegen  0.10/turn              (no ring)

@: no status effects
A: fire resistance 1, flame cloud immunity
a: no special abilities


You were on level 2 of the Dungeon.
You were hungry.

You visited 1 branch of the dungeon, and saw 2 of its levels.

You collected 63 gold pieces.

Inventory:

Hand Weapons
 o - a +0 spear (weapon)
Armour
 a - a +0 robe (worn)
 i - a +0 buckler
Jewellery
 d - a +5 amulet of reflection (around neck)
Scrolls
 g - a scroll of enchant armour {unknown}
Potions
 f - a potion of heal wounds {unknown}
 j - 4 potions of might {unknown}
 k - a potion of curing {unknown}
 m - a potion of magic {unknown}
Books
 b - a book of Flames

   Spells                             Type                      Level
   a - Flame Tongue                   Conjuration/Fire             1
   b - Throw Flame                    Conjuration/Fire             2
   c - Conjure Flame                  Conjuration/Fire             3
   d - Inner Flame                    Hexes/Fire                   3
   e - Sticky Flame                   Conjuration/Fire             4
   f - Fireball                       Conjuration/Fire             5
Comestibles
 c - 2 bread rations
 h - 3 chunks of flesh
 l - a meat ration


   Skills:
 - Level 1.7 Dodging
 - Level 1.7 Stealth
 + Level 2.4 Spellcasting
 * Level 2.3 Conjurations
 + Level 3.1 Fire Magic


You had 5 spell levels left.
You knew the following spells:

 Your Spells              Type           Power        Failure   Level  Hunger
a - Flame Tongue          Conj/Fire      ##...        6%          1    #......


Dungeon Overview and Level Annotations

Branches:
Dungeon (2/15)

Altars:

Annotations:
D:2 Terence


Innate Abilities, Weirdness & Mutations

Your flesh is heat resistant. (rF+)
You are immune to clouds of flame.


Message History

Casting: Flame Tongue
Confirm with . or Enter, or press ? or * to list all spells.
You don't have enough magic to cast that spell.
Casting: Flame Tongue
Confirm with . or Enter, or press ? or * to list all spells.
You don't have enough magic to cast that spell.
You block Terence's attack. You block the leopard gecko's attack.
Found a stone staircase leading down.
You closely miss the leopard gecko. Terence hits you with a trident.
You block the leopard gecko's attack.
Terence hits you from afar with a trident.
* * * LOW HITPOINT WARNING * * *
Terence shouts, "DIE!!!"
The leopard gecko closely misses you.
Unknown command.
The leopard gecko closely misses you.
Terence hits you from afar with a trident.
* * * LOW HITPOINT WARNING * * *
The leopard gecko bites you.
You die...

#.......# ##
##.......# ..
.#.......# #.#
#........#
..###.#.......# ..#.
#$......# #..#
#.......# #.####..#
#.......#
#.....@.###.##.##.###
######.l@...# >....
#.####.#####.#
#.##.........##.#
#....#.##.....>.##
#.####.##.........
#.# #.##.######## #..
..##.# ### ####.#


You could see Terence and a leopard gecko.

Vanquished Creatures
  An ooze (D:1)
  2 worms (D:1)
  2 dart slugs (D:1)
  A leopard gecko (D:1)
  4 bats
  2 giant cockroaches
  2 goblins (D:1)
  6 hobgoblins (D:1)
  A kobold (D:1)
  A quokka (D:2)
  2 frilled lizards (D:1)
  3 rats
27 creatures vanquished.

Notes
Turn   | Place    | Note
-------+----------+-------------------------------------------
     0 | D:1      | Moloch the Demonspawn Fire Elementalist began the quest for the Orb.
     0 | D:1      | Reached XP level 1. HP: 13/13 MP: 3/3
   288 | D:1      | Gained mutation: Your flesh is heat resistant. (rF+) [demonic ancestry]
   288 | D:1      | Reached XP level 2. HP: 19/19 MP: 3/5
   298 | D:1      | Reached skill level 3 in Fire Magic
  1222 | D:1      | Gained mutation: You are immune to clouds of flame. [demonic ancestry]
  1222 | D:1      | Reached XP level 3. HP: 24/24 MP: 1/6
  1780 | D:2      | Noticed Terence
  1794 | D:2      | Slain by a leopard gecko

Vault maps used:
D:1:      shiori_arrival_oz, due_unseen_surprise
D:2:      nicolae_ru_the_path_less_chosen, uniq_terence

Skill      XL: |  1  2 |
---------------+-------+-----
Fire Magic     | 3 |  3.1
Conjurations   | 2 |  2.3
Dodging        | |  1.7
Stealth        | |  1.7
Spellcasting   | |  2.4

Action                   || total
-------------------------++-------
Melee: Spear             ||    12
 Cast: Flame Tongue      ||    70
 Stab: Sleeping          ||     1
  Eat: Chunk             ||     3
Armor: Robe              ||     2
Dodge: Dodged            ||    26
Block: Other             ||    11
